 Dungeon Crawl Stone Soup version 0.18.1-5-g4a78601 (webtiles) character file.

1199 Etesian the Covert (level 8, -1/37 HPs)
             Began as a Spriggan Assassin on May 13, 2016.
             Was an Initiate of Ashenzari.
             Slain by an orc warrior
             ... wielding a +1 scimitar of slicing
              (21 damage)
             ... on level 6 of the Dungeon.
             The game lasted 00:11:55 (4225 turns).

Etesian the Covert (Spriggan Assassin)              Turns: 4225, Time: 00:11:56

Health: -1/37      AC:  8    Str:  7    XL:     8   Next: 20%
Magic:  9/9        EV: 23    Int: 12    God:    Ashenzari [......]
Gold:   112        SH:  0    Dex: 20    Spells: 0 memorised, 7 levels left

rFire  . . .     SeeInvis +     a - +5 dagger (protect)
rCold  . . .     Gourm    .     c - +0 robe
rNeg   . . .     Faith    .     (shield restricted)
rPois  +         Spirit   .     (helmet restricted)
rElec  .         Dismiss  .     d - +0 cloak
rCorr  .         Reflect  .     (gloves unavailable)
SustAt .         Harm     .     (boots unavailable)
MR     ++...                    (no amulet)
Stlth  ++++++....               u - ring of protection from magic
                                p - ring of poison resistance

@: very quick, very resistant to hostile enchantments, very stealthy
A: unfitting armour, see invisible, herbivore 3, speed 3, slow metabolism 2
a: Curse Item, Renounce Religion


You were on level 6 of the Dungeon.
You worshipped Ashenzari.
Ashenzari was noncommittal.
You were very hungry.

You visited 2 branches of the dungeon, and saw 7 of its levels.

You collected 266 gold pieces.
You spent 154 gold pieces at shops.

Inventory:

Hand Weapons
 a - a +5 dagger of protection (weapon)
 b - a +0 blowgun
Missiles
 e - 41 poisoned needles
 f - 2 curare-tipped needles
Armour
 c - a +0 robe (worn)
 d - a +0 cloak (worn)
Jewellery
 p - a ring of poison resistance (left hand)
 u - a ring of protection from magic (right hand)
Wands
 t - a wand of enslavement (18/24)
 v - a wand of flame (28/48)
Scrolls
 h - a scroll of amnesia
 r - a scroll of recharging
 w - 3 scrolls of teleportation
 y - 3 scrolls of fog
Potions
 i - 6 potions of curing
 j - 2 potions of degeneration {unknown}
 l - 2 potions of berserk rage {unknown}
 n - 3 potions of might {unknown}
 o - a potion of haste {unknown}
 q - 2 potions of flight {unknown}
 x - a potion of heal wounds {unknown}
Comestibles
 g - 5 bread rations
 k - 2 royal jellies
 m - 3 fruits


   Skills:
 - Level 1.5 Fighting
 + Level 5.1 Short Blades
 + Level 4.3 Throwing
 + Level 6.3 Dodging
 * Level 11.5 Stealth


You had 7 spell levels left.
You didn't know any spells.

Dungeon Overview and Level Annotations

Branches:
Dungeon (6/15)             Temple (1/1) D:5

Altars:
Ashenzari
Cheibriados
Dithmenos
Elyvilon
Fedhas
Gozag
Kikubaaqudgha
Nemelex Xobeh
Okawaru
Pakellas
Qazlal
Ru
Sif Muna
Trog
Vehumet
Xom
Yredelemnul
Zin
The Shining One

Shops:
D:4 ?   D:5 }


Innate Abilities, Weirdness & Mutations

You are tiny and cannot use many weapons and most armour.
You have supernaturally acute eyesight.
You are a herbivore.
You cover ground extremely quickly.
You need consume almost no food.


Message History

The orc wizard misses you. The orc completely misses you.
You barely miss the orc warrior.
The orc warrior is lightly wounded.
The orc warrior misses you.
You hit the orc warrior but do no damage.
The orc warrior is lightly wounded.
The orc wizard completely misses you. The orc closely misses you.
The orc warrior hits you with a scimitar of slicing!
You take 8 damage, and have 27/37 hp.
MASSIVE DAMAGE!!
You hit the orc warrior but do no damage.
The orc warrior is lightly wounded.
The orc wizard points at you and mumbles some strange words.
The magic dart hits you!
You take 2 damage, and have 25/37 hp.
You hit the orc warrior but do no damage.
The orc warrior is lightly wounded.
The orc hits you with a flail.
The orc warrior hits you with a scimitar of slicing!!
Ouch! That really hurt!
You die...

### #.#
#.##########
##.....)....##
###..########..#
#....# #...#
#....##.# #...#
#..# #.# #...#
#.. ##.# #.@o#
#..# #..#


#ooo# ....##.## #...# #....# #...# ###..# #...# #^.## ∩ ∩...# ##...# #...#
#..#.# #...# #.##.# You could see an orc warrior, 2 orc wizards and an orc.

Vanquished Creatures
  Sigmund (D:4)
  A phantom (D:4)
  2 centaurs
  2 ogres
  2 scorpions (D:5)
  A vampire bat (D:5)
  A hound (D:4)
  2 centaur skeletons (D:4)
  An orc priest (D:4)
  3 orc wizards
  Crazy Yiuf (D:2)
  An iguana (D:5)
  Ijyb (D:2)
  A worker ant (D:4)
  A hound zombie (D:5)
  5 adders
  3 oozes
  4 worms
  4 dart slugs
  6 giant geckos
  18 orcs
  12 bats
  4 giant cockroaches
  5 goblins
  5 hobgoblins
  4 jackals (D:4)
  3 quokkas
  3 giant newts
  2 kobolds (D:1)
  7 rats
106 creatures vanquished.

Notes
Turn   | Place    | Note
--------------------------------------------------------------
     0 | D:1      | Etesian the Spriggan Assassin began the quest for the Orb.
     0 | D:1      | Reached XP level 1. HP: 10/10 MP: 2/2
    82 | D:1      | Reached skill level 6 in Stealth
   171 | D:1      | Reached XP level 2. HP: 14/14 MP: 3/3
   621 | D:2      | Noticed Ijyb
   663 | D:2      | Killed Ijyb
   663 | D:2      | Reached skill level 7 in Stealth
   663 | D:2      | Reached XP level 3. HP: 18/18 MP: 4/4
   863 | D:2      | Reached XP level 4. HP: 22/22 MP: 5/5
  1068 | D:2      | Noticed Crazy Yiuf
  1074 | D:2      | Killed Crazy Yiuf
  1510 | D:3      | Reached skill level 8 in Stealth
  1621 | D:3      | Reached XP level 5. HP: 24/25 MP: 6/6
  1961 | D:4      | Found a stormy altar of Qazlal.
  2351 | D:4      | Noticed Sigmund
  2434 | D:4      | Reached skill level 9 in Stealth
  2434 | D:4      | Reached XP level 6. HP: 30/30 MP: 7/7
  2707 | D:4      | Found Fepn's Magic Scroll Emporium.
  2715 | D:4      | Bought a scroll of teleportation for 42 gold pieces
  2715 | D:4      | Bought a scroll of identify for 28 gold pieces
  2715 | D:4      | Bought 3 scrolls of fog for 84 gold pieces
  2745 | D:4      | Reached XP level 7. HP: 33/33 MP: 8/8
  2779 | D:4      | Killed Sigmund
  2779 | D:4      | Reached skill level 5 in Dodging
  2779 | D:4      | Reached skill level 10 in Stealth
  3122 | D:5      | Entered Level 5 of the Dungeon
  3256 | D:5      | Found Juac's Gadget Shop.
  3397 | D:5      | Found a staircase to the Ecumenical Temple.
  3412 | Temple   | Entered the Ecumenical Temple
  3505 | Temple   | Became a worshipper of Ashenzari the Shackled
  3531 | D:5      | Reached skill level 11 in Stealth
  3726 | D:5      | Found a snail-covered altar of Cheibriados.
  3727 | D:5      | Found a basalt altar of Yredelemnul.
  3729 | D:5      | Found an opulent altar of Gozag.
  3730 | D:5      | Found a blossoming altar of Fedhas.
  3730 | D:5      | Found a glowing golden altar of the Shining One.
  3731 | D:5      | Found a shadowy altar of Dithmenos.
  3749 | D:5      | Reached XP level 8. HP: 32/37 MP: 9/9
  4058 | D:5      | Reached skill level 5 in Short Blades
  4225 | D:6      | Slain by an orc warrior

Skill      XL: |  1  2  3  4  5  6  7  8 |
---------------+-------------------------+-----
Stealth        | 6 7 8 9 11 | 11.5
Dodging        | 2 3 4 6 |  6.3
Short Blades   | 3 4 5 |  5.1
Throwing       | 3 4 |  4.3
Fighting       | |  1.5

Action                   |  1- 3 |  4- 6 |  7- 9 || total
-------------------------+-------+-------+-------++-------
Melee: Dagger            |    39 |   177 |   159 ||   375
  Use: Scroll            |       |     5 |     4 ||     9
 Stab: Sleeping          |    13 |    25 |     9 ||    47
       Distracted        |       |     1 |       ||     1
Armor: Robe              |     6 |    19 |    31 ||    56
Dodge: Dodged            |    26 |    90 |   207 ||   323
